 Dungeon Crawl Stone Soup version 0.17-a0-649-g87edefa (webtiles) character file.

153 Pnognoglozu the Distorting Demonspawn (level 5, -7/41 HPs)
             Began as a Demonspawn Abyssal Knight on Apr 17, 2015.
             Was a Believer of Lugonu.
             Mangled by an orc
             ... wielding a +0 flail
              (8 damage)
             ... on level 4 of the Dungeon.
             The game lasted 00:12:08 (3528 turns).

Pnognoglozu the Distorting Demonspawn (DsAK)        Turns: 3528, Time: 00:12:08

Health: -7/41      AC:  6    Str: 12    XL:     5   Next: 12%
Magic:  16/16      EV: 12    Int: 13    God:    Lugonu [**....]
Gold:   139        SH:  2    Dex: 14    Spells: 0 memorised, 6 levels left

rFire  . . .     SeeInvis .     a - +1 falchion
rCold  . . .     Clarity  .     b - +0 leather armour
rNeg   . . .     SustAb   .     (no shield)
rPois  .         Gourm    .     m - +0 helmet (curse)
rElec  .         Spirit   .     (no cloak)
rCorr  .         Warding  .     (no gloves)
rMut   .         Stasis   +     (no boots)
MR     .....                    e - amulet of stasis
Stlth  +.........               x - ring of magical power
                                v - ring of flight

@: not resistant to hostile enchantments, very unstealthy
A: hooves 1, large bone plates 1
a: Depart the Abyss, Bend Space, Renounce Religion, Evoke Flight


You were on level 4 of the Dungeon.
You worshipped Lugonu.
Lugonu was pleased with you.
You were hungry.

You visited 1 branch of the dungeon, and saw 4 of its levels.
You visited the Abyss 1 time.

You collected 139 gold pieces.

Inventory:

Hand weapons
 a - a +1 falchion (weapon)
 k - a +0 dagger
 y - a +0 hand axe
Armour
 b - a +0 leather armour (worn)
 m - a cursed +0 helmet (worn)
 p - a +0 helmet
Jewellery
 e - an amulet of stasis (around neck)
 g - an uncursed ring of sustain abilities
 t - an uncursed ring of fire
 v - a ring of flight (left hand)
 x - a ring of magical power (right hand)
Magical devices
 q - a wand of slowing (28)
Scrolls
 f - 5 scrolls of blinking {unknown}
 h - 3 scrolls of enchant weapon {unknown}
 j - 3 scrolls of remove curse {unknown}
 l - 2 scrolls of amnesia {unknown}
 n - 2 scrolls of identify {unknown}
 o - a scroll of fear {unknown}
 s - 3 scrolls of magic mapping {unknown}
 u - a scroll of immolation {unknown}
Potions
 i - a potion of lignification {unknown}
 r - 2 potions of brilliance {unknown}
 A - a potion of haste {unknown}
Comestibles
 c - 2 bread rations
 d - a slice of pizza
 z - a beef jerky
 B - 2 fruits


   Skills:
 + Level 3.6 Fighting
 + Level 2.5 Long Blades
 + Level 2.6 Armour
 + Level 1.8 Dodging
 + Level 1.1 Spellcasting
 + Level 3.7 Invocations


You had 6 spell levels left.
You didn't know any spells.

Dungeon Overview and Level Annotations

Branches:
Dungeon (4/15)
 Temple: D:4-7

Altars:
Gozag
Kikubaaqudgha

Annotations:
D:3 Qrupt's ghost, average DrFi


Innate Abilities, Weirdness & Mutations

You have large cloven feet.
You are partially covered in large bone plates (AC +2, SH +2).


Message History

The orc wizard is almost dead.
The orc wizard hits you but does no damage.
The orc hits you with a club.
* * * LOW HITPOINT WARNING * * *
The orc hits you with a flail!
* * * LOW HITPOINT WARNING * * *
The orc wizard hits you but does no damage.
You closely miss the orc wizard.
You kick the orc wizard, but do no damage.
The orc wizard is almost dead.
The orc hits you but does no damage. The orc wizard closely misses you.
The orc barely misses you.
You hit the orc wizard.
You kill the orc wizard!
Lugonu accepts your kill.
You have reached level 5!
Your demonic ancestry asserts itself...
Large bone plates grow over parts of your arms.
The orc hits you but does no damage. The orc hits you with a flail!
You die...

.# .# ##
###.### # #.
......# #.#.##
#.....#
#...o####.....#
#.Zb.##.)...#
#.##.##@....#
#...rloo#####
####.#### #.#
#.# ... #l# #.#
#..


You could see an iguana, 2 orcs and a rat.

Vanquished Creatures
  2 orc wizards
  4 adders
  An ooze (D:3)
  2 giant geckos
  6 orcs (D:3)
  A ball python (D:1)
  4 giant cockroaches
  6 goblins
  5 hobgoblins
  3 kobolds
  A quokka (D:3)
  8 bats
  2 giant newts
  8 rats
53 creatures vanquished.

Notes
Turn   | Place    | Note
--------------------------------------------------------------
     0 | Abyss:1  | Pnognoglozu, the Demonspawn Abyssal Knight, began the quest for the Orb.
     0 | Abyss:1  | Reached XP level 1. HP: 18/18 MP: 2/2
    18 | D:1      | Escaped the Abyss
   228 | D:1      | Reached skill level 1 in Dodging
   257 | D:1      | Gained mutation: You have large cloven feet. [demonic ancestry]
   257 | D:1      | Reached XP level 2. HP: 14/24 MP: 4/4
   997 | D:2      | Found an ancient bone altar of Kikubaaqudgha.
  1031 | D:2      | Found an opulent altar of Gozag.
  1119 | D:2      | Acquired Lugonu's second power
  1422 | D:2      | Reached XP level 3. HP: 21/29 MP: 5/5
  2061 | D:3      | Reached XP level 4. HP: 14/35 MP: 6/6
  2668 | D:3      | Reached skill level 1 in Spellcasting
  3476 | D:3      | Noticed Qrupt's ghost (average DrFi)
  3526 | D:4      | HP: 1/35 [orc/flail (9)]
  3528 | D:4      | Gained mutation: You are partially covered in large bone plates (AC +2, SH +2). [demonic ancestry]
  3528 | D:4      | Reached XP level 5. HP: 1/41 MP: 7/7
  3528 | D:4      | Mangled by an orc

Action                   |  1- 3 |  4- 6 || total
-------------------------+-------+-------++-------
Melee: Falchion          |   134 |    78 ||   212
  Eat: Chunk             |     3 |       ||     3
       Bread ration      |       |     1 ||     1
